 Dungeon Crawl Stone Soup version 0.21-a0-91-ga5031da (webtiles) character file.

100 MackTheKnife the Cudgeler (level 4, -10/26 HPs)
             Began as a Gargoyle Gladiator on June 29, 2017.
             Splashed by Ijyb's acid (11 damage)
             ... on level 3 of the Dungeon.
             The game lasted 00:03:12 (2184 turns).

MackTheKnife the Cudgeler (Gargoyle Gladiator)      Turns: 2184, Time: 00:03:12

Health: -10/26     AC: 10    Str: 18    XL:     4   Next: 74%
Magic:  0/4        EV: 10    Int:  8    God:
Gold:   91         SH:  0    Dex: 12    Spells: 3/3 levels left

rFire    . . .     SeeInvis .   b - +2 mace (protect)
rCold    . . .     Gourm    .   (no shield)
rNeg     + . .     Faith    .   n - +0 scale mail (curse)
rPois    ∞         Spirit   +   c - +0 helmet
rElec    +         Reflect  .   (no cloak)
rCorr    .         Harm     .   (no gloves)
MR       .....                  p - +0 pair of boots
Stlth    +.........             w - amulet of guardian spirit {Spirit}
HPRegen  0.08/turn              v - ring of stealth {Stlth+}
MPRegen  0.09/turn              (no ring)

@: corroded, protection aura
A: negative energy resistance 1, electricity resistance, unbreathing,
petrification resistance, rot immunity, AC +3
a: no special abilities


You were on level 3 of the Dungeon.
You were not hungry.

You visited 1 branch of the dungeon, and saw 3 of its levels.

You collected 91 gold pieces.

Inventory:

Hand Weapons
 a - a +0 flail
 b - a +2 mace of protection (weapon)
   (You found it on level 1 of the Dungeon)
Missiles
 d - 3 throwing nets {=f, !d}
 y - 2 curare-tipped needles
Armour
 c - a +0 helmet (worn)
 n - a cursed +0 scale mail (worn)
   (You found it on level 1 of the Dungeon)
 p - a +0 pair of boots (worn)
   (You found it on level 1 of the Dungeon)
Jewellery
 v - a ring of stealth (left hand) {Stlth+}
   (You found it on level 2 of the Dungeon)
 w - an amulet of guardian spirit (around neck) {Spirit}
   (You found it on level 2 of the Dungeon)
Scrolls
 e - a scroll of remove curse
 h - a scroll of enchant armour {unknown}
 i - a scroll of magic mapping {unknown}
 j - a scroll of recharging {unknown}
 l - 2 scrolls of fog {unknown}
 t - a scroll of identify
 x - 2 scrolls of amnesia
Potions
 k - 2 potions of lignification {!q}
 m - a potion of mutation {unknown}
 o - 2 potions of curing {unknown}
 q - a potion of heal wounds {unknown}
 u - 2 potions of cancellation {unknown}
Comestibles
 f - 2 bread rations {@e1}
 g - 3 chunks of flesh {@w0}
 r - a meat ration {@e2}
 s - 3 fruits
 z - a royal jelly


   Skills:
 - Level 2.1 Fighting
 + Level 5.3 Maces & Flails
 - Level 1.7 Throwing
 - Level 2.4 Dodging


You had 3 spell levels left.
You didn't know any spells.

Dungeon Overview and Level Annotations

Branches:
Dungeon (3/15)

Altars:
Ashenzari
Vehumet

Annotations:
D:3 Ijyb


Innate Abilities, Weirdness & Mutations

You are resistant to torment.
Your stone body is resilient. (AC +3)
You are immune to poison.
You resist negative energy. (rN+)
You are resistant to electric shocks. (rElec)
You can survive without breathing.
You are immune to petrification.
You are immune to rotting.


Message History

You barely miss the giant cockroach. The giant cockroach closely misses you.
You hit the giant cockroach.
The giant cockroach bites you but does no damage.
The quokka barely misses you.
The giant cockroach bites you but does no damage.
You hit the giant cockroach but do no damage.
The quokka barely misses you.
The giant cockroach bites you but does no damage.
The quokka bites you but does no damage.
You closely miss the giant cockroach.
The giant cockroach bites you but does no damage.
The quokka barely misses you.
You hit the giant cockroach.
You kill the giant cockroach!
The quokka bites you.
You take 1 damage, and have 25/26 hp.
You sock the quokka!
You kill the quokka!
No target in view!
No target in view!
g - 3 chunks of flesh {@w0} You see here a club.
Found a stone staircase leading up.
A rat comes into view.
Health restored: 26 A rat is nearby!
You barely miss the rat. The rat bites you but does no damage.
The rat closely misses you.
You hit the rat.
Your weapon exudes an aura of protection.
The rat bites you but does no damage.
A rat is nearby!
You thump the rat!
You kill the rat!
y - 2 curare-tipped needles No target in view!
No target in view!
Found a radiant altar of Vehumet.
A quokka comes into view.
The quokka bites you. The quokka barely misses you.
You take 2 damage, and have 24/26 hp.
You now have 3/4 mp.
A quokka is nearby!
You closely miss the quokka.
The quokka bites you but does no damage.
You hit the quokka but do no damage.
Your weapon exudes an aura of protection.
The quokka barely misses you. x2
You closely miss the quokka. The quokka closely misses you.
You barely miss the quokka. The quokka barely misses you.
You miss the quokka.
The quokka bites you but does no damage. x2
You miss the quokka. The quokka barely misses you.
You thump the quokka!
Your weapon exudes an aura of protection.
You kill the quokka!
No target in view!
Found an escape hatch in the floor.
MP restored: 4
There is an escape hatch in the floor here.
An adder comes into view.
Health restored: 26 An adder is nearby!
You hit the adder.
Your weapon exudes an aura of protection.
The adder bites you but does no damage.
You miss the adder. The adder bites you but does no damage.
The adder barely misses you.
You hit the adder. The adder barely misses you.
You sock the adder!
You kill the adder!
No target in view!
Found an escape hatch in the ceiling.
l - 2 scrolls labeled JIPHISTRAAZO (gained 1)
A giant cockroach comes into view.
A giant cockroach is nearby!
You hit the giant cockroach.
Your weapon exudes an aura of protection.
You kill the giant cockroach!
No target in view!
No target in view!
Ijyb the Twisted Goblin comes into view.
She is wielding a dagger.
Ijyb shouts!
Ijyb drinks a potion.
Ijyb seems to grow stronger.
Found a stone staircase leading down.
You closely miss Ijyb.
Ijyb zaps a wand.
The bolt of acid hits you! The acid corrodes you!
You are splashed with acid!
The acid burns!
It is a wand of acid (?/15).
You take 16 damage, and have 10/26 hp.
MASSIVE DAMAGE!!
You now have 2/4 mp.
You hit Ijyb.
Your weapon exudes an aura of protection.
Ijyb barely misses you.
Ijyb zaps a wand.
The bolt of acid hits you!
* * * LOW HITPOINT WARNING * * *
The acid corrodes you!
You are splashed with acid!
The acid burns!
You die...

##........ # .. .........#.#
.#. #........#.# .#..
#..........# .. .#.#.
.........#.###.##...#.#..
#.#>.............#.#.#.#.
.......g.......##...#.#.#
#..#.......#.#.#.#.
#.@#..........#.#.#
####..#.......#.#.#.#.
#............#...#.#.#
#.##..#......##.#.#.#.
#....#.#........<.#...#.#.#
#..................#.#.#.#.
#...............#.....#.#.#
#..................#.#.#†#.
##..........#.#........#.#[#


You could see Ijyb.

Vanquished Creatures
  4 adders
  3 worms
  A dart slug (D:1)
  3 giant cockroaches (D:3)
  6 goblins
  8 hobgoblins
  7 kobolds
  3 quokkas
  4 bats
  4 frilled lizards
  11 rats
54 creatures vanquished.

Notes
Turn   | Place    | Note
-------+----------+-------------------------------------------
     0 | D:1      | MackTheKnife the Gargoyle Gladiator began the quest for the Orb.
     0 | D:1      | Reached XP level 1. HP: 12/12 MP: 1/1
   109 | D:1      | Reached XP level 2. HP: 9/17 MP: 2/2
   708 | D:1      | Reached skill level 4 in Maces & Flails
   935 | D:1      | Reached XP level 3. HP: 21/21 MP: 3/3
  1139 | D:2      | Found a shattered altar of Ashenzari.
  1646 | D:2      | Reached XP level 4. HP: 20/26 MP: 4/4
  1992 | D:3      | Reached skill level 5 in Maces & Flails
  2126 | D:3      | Found a radiant altar of Vehumet.
  2178 | D:3      | Noticed Ijyb
  2184 | D:3      | HP: 1/26 [Ijyb/wand of acid (?/15) (9)]
  2184 | D:3      | Splashed by Ijyb's acid

Vault maps used:
D:1:      dpeg_arrival_shelter, chequers_big_river, minmay_cut_off
D:2:      first_bread, nicolae_ashenzari_panopticon
D:3:      vehumet_crystals, uniq_ijyb, uniq_grinder

Skill      XL: |  1  2  3  4 |
---------------+-------------+-----
Maces & Flails | 4 5 |  5.3
Fighting       | |  2.1
Throwing       | |  1.7
Dodging        | |  2.4

Action                   |  1- 3 |  4- 6 || total
-------------------------+-------+-------++-------
Melee: Flail             |   121 |    17 ||   138
       Mace              |       |    38 ||    38
Throw: Throwing net      |     3 |       ||     3
  Use: Scroll            |       |     3 ||     3
 Stab: Held in net/web   |     1 |       ||     1
  Eat: Chunk             |     2 |     2 ||     4
Armor: Chain mail        |    92 |    26 ||   118
       Scale mail        |       |    15 ||    15
Dodge: Dodged            |    45 |    29 ||    74

Vault maps used:
D:1:      dpeg_arrival_shelter, chequers_big_river, minmay_cut_off
D:2:      first_bread, nicolae_ashenzari_panopticon
D:3:      vehumet_crystals, uniq_ijyb, uniq_grinder

Table legend:
 A = Turns spent in this place as a percentage of turns spent in the entire game.
 B = Non-inter-level travel turns spent in this place as a percentage of non-inter-level travel turns spent in the entire game.
 C = Inter-level travel turns spent in this place as a percentage of turns spent in this place.
 D = Turns resting spent in this place as a percentage of non-inter-level travel turns spent in this place.
 E = Turns spent auto-exploring this place as a percentage of non-inter-level travel turns spent in this place.
 F = Non-inter-level travel turns spent in this place divided by the number of levels of this place that you've seen.
                   A       B       C       D       E      F
               +-------+-------+-------+-------+-------+----------------------
         Total | 100.0 | 100.0 |   0.2 |   1.3 |  15.8 | 210.7
       Dungeon | 100.0 | 100.0 |   0.2 |   1.3 |  15.8 | 210.7
               +-------+-------+-------+-------+-------+----------------------

Table legend:
 A = Kills in this place as a percentage of kills in entire the game.
 B = Kills by you in this place as a percentage of kills by you in the entire game.
 C = Kills by friends in this place as a percentage of kills by friends in the entire game.
 D = Other kills in this place as a percentage of other kills in the entire game.
 E = Experience gained in this place as a percentage of experience gained in the entire game.
 F = Experience gained in this place divided by the number of levels of this place that you have seen.
                   A       B       C       D       E      F
               +-------+-------+-------+-------+-------+----------------------
         Total | 100.0 | 100.0 |  -nan |  -nan | 100.0 |  48.0
       Dungeon | 100.0 | 100.0 |  -nan |  -nan | 100.0 |  48.0
               +-------+-------+-------+-------+-------+----------------------
